 Dungeon Crawl Stone Soup version 0.26-a0-812-g31a745ddcd (webtiles) character file.

Game seed: 15378814427699518612

646250 Borgoz the Slayer (level 27, 0/192 HPs)
             Began as a Gargoyle Gladiator on Dec 8, 2020.
             Was the Champion of Okawaru.
             Killed by a guardian mummy's death curse (7 damage)
             ... on level 3 of the Tomb of the Ancients.
             The game lasted 02:37:52 (72300 turns).

Borgoz the Slayer (Gargoyle Gladiator)             Turns: 72300, Time: 02:37:53

Health: 0/192      AC: 62    Str: 40    XL:     27
Magic:  0/32       EV: 29    Int: 23    God:    Okawaru [******]
Gold:   9211       SH:  0    Dex: 26    Spells: 31/36 levels left

rFire    + + +     SeeInvis +   a - +8 battleaxe of Honour {drain, rF+ Int+8 Dex+4}
rCold    + + +     Faith    .   (shield currently unavailable)
rNeg     + . .     Spirit   +   H - +0 crystal plate armour "Saolesk" {*Contam rElec rF+ Slay+3}
rPois    ∞         Reflect  .   z - +4 hat of Time Monsters {rElec rF- Str+5 SInv}
rElec    +         Harm     .   w - scarf {rC+ rF+}
rCorr    +         Rampage  .   I - +2 pair of gloves {Dex+3}
MR       +++++                  u - +2 pair of boots {run}
Stlth    ..........             K - amulet of Vuaculeu {Spirit rElec MR+ Str+4}
HPRegen  0.42/turn              h - ring of Nocou {*Drain rF+ rC+ Str+9 Dex+2}
MPRegen  0.23/turn              c - ring of the Mage {Wiz MR++ Int+3}

@: about to teleport, resistant, heroism, flying, very slightly contaminated,
heavily drained, invisible, quick
A: big wings, negative energy resistance 1, electricity resistance, unbreathing,
petrification resistance, rot immunity, AC +20
}: 3/15 runes: decaying, silver, gossamer
a: Stop Flying, Heroism, Finesse, Renounce Religion


You were on level 3 of the Tomb of the Ancients.
You worshipped Okawaru.
Okawaru was exalted by your worship.
You visited 11 branches of the dungeon, and saw 51 of its levels.
You visited the Abyss 3 times.
You visited 1 bazaar.
You also visited: Trove, Ossuary, Ice Cave and Volcano.

You collected 15062 gold pieces.
You spent 5851 gold pieces at shops.

Inventory:

Hand Weapons
 a - the +8 battleaxe of Honour (weapon) {drain, rF+ Int+8 Dex+4}
   (You bought it in a shop on level 3 of the Elven Halls)

   A truly terrible weapon, it drains the life of those it strikes.
   It affects your intelligence (+8).
   It affects your dexterity (+4).
   It protects you from fire.
Missiles
 C - 2 throwing nets (quivered)
Armour
 u - a +2 pair of boots of running (worn)
 w - a scarf of resistance (worn)
 z - the +4 hat of Time Monsters (worn) {rElec rF- Str+5 SInv}
   (Okawaru gifted it to you on level 3 of the Crypt)

   It affects your strength (+5).
   It makes you vulnerable to fire.
   It insulates you from electricity.
   It lets you see invisible.
 H - the +0 crystal plate armour "Saolesk" (worn) {*Contam rElec rF+ Slay+3}
   (You took it off a deep elf high priest on level 3 of the Elven Halls)

   It affects your accuracy and damage with ranged weapons and melee attacks
   (+3).
   It protects you from fire.
   It insulates you from electricity.
   It causes magical contamination when unequipped.
 I - a +2 pair of gloves of dexterity (worn)
Jewellery
 c - the ring of the Mage (right hand) {Wiz MR++ Int+3}
   (You found it on level 3 of the Elven Halls)

   [ring of wizardry]

   It improves your spell success rate.
   It affects your intelligence (+3).
   It affects your resistance to hostile enchantments.
 h - the ring of Nocou (left hand) {*Drain rF+ rC+ Str+9 Dex+2}
   (You bought it in a shop on level 2 of the Depths)

   [ring of protection from cold]

   It affects your strength (+9).
   It affects your dexterity (+2).
   It protects you from fire.
   It protects you from cold.
   It causes draining when unequipped.
 o - the ring of Fragile Peace {rF+ rN+ rCorr}
   (You bought it in a shop on level 2 of the Depths)

   [ring of resist corrosion]

   It protects you from fire.
   It protects you from negative energy.
   It provides partial protection from all sources of acid and corrosion.
 K - the amulet of Vuaculeu (around neck) {Spirit rElec MR+ Str+4}
   (You bought it in a shop on level 4 of the Vaults)

   [amulet of guardian spirit]

   It causes incoming damage to be split between your health and magic.
   It affects your strength (+4).
   It insulates you from electricity.
   It affects your resistance to hostile enchantments.
 W - the ring "Gauppenite" {*Drain rPois rF+ rN+ Slay+3}
   (You took it off a deep elf annihilator on level 3 of the Elven Halls)

   [ring of poison resistance]

   It affects your accuracy and damage with ranged weapons and melee attacks
   (+3).
   It protects you from fire.
   It protects you from poison.
   It protects you from negative energy.
   It causes draining when unequipped.
Wands
 v - a wand of iceblast (26)
 B - a wand of acid (66)
 G - a wand of flame (244)
 Q - a wand of digging (12)
 R - a wand of paralysis (40)
 T - a wand of disintegration (63)
Scrolls
 d - a scroll of silence
 e - 18 scrolls of remove curse
 g - 11 scrolls of teleportation
 k - 6 scrolls of summoning
 n - 11 scrolls of fog
 t - 4 scrolls of magic mapping
 x - 9 scrolls of blinking
 E - 14 scrolls of fear
Potions
 b - 7 potions of mutation
 f - 17 potions of curing
 i - 3 potions of berserk rage
 j - 11 potions of heal wounds
 l - 2 potions of cancellation
 m - 12 potions of haste
 A - 2 potions of invisibility
 D - 10 potions of might
 M - 4 potions of ambrosia
 O - 6 potions of resistance


   Skills:
 + Level 24.5(24.0) Fighting
 * Level 21.4(24.0) Axes
   Level 14.9(22.6) Maces & Flails
 - Level 1.7(4.8) Throwing
 + Level 21.8(23.9) Armour
 + Level 21.5(23.6) Dodging
 + Level 9.9(12.6) Stealth
 - Level 5.0(3.2) Spellcasting
 - Level 10.0(7.9) Hexes
 - Level 5.0(3.2) Translocations
 + Level 12.4(10.2) Invocations
 + Level 8.4(6.4) Evocations


You had 31 spell levels left.
You knew the following spells:

 Your Spells              Type           Power        Failure   Level
a - Confusing Touch       Hex            #####...     2%          3
b - Blink                 Tloc           N/A          9%          2

Your spell library contained the following spells:

 Spells                   Type           Power        Failure   Level
 Corona                   Hex            #####..      1%          1
 Slow                     Hex            #####...     1%          2
 Apportation              Tloc           ###...       5%          1
 Ensorcelled Hibernation  Hex/Ice        ###...       6%          2
 Portal Projectile        Hex/Tloc       ####..       6%          3
 Cause Fear               Hex            #####.....   8%          4
 Dazzling Flash           Conj/Hex       ###...       12%         3
 Inner Flame              Hex/Fire       ###.....     12%         3
 Summon Guardian Golem    Hex/Summ       ###.....     12%         3
 Gell's Gravitas          Tloc           ###.......   16%         3
 Lesser Beckoning         Tloc           ###.......   16%         3
 Teleport Other           Tloc           ###.....     16%         3
 Animate Skeleton         Necr           #.....       21%         1
 Beastly Appendage        Tmut           #.....       21%         1
 Foxfire                  Conj/Fire      #...         21%         1
 Freeze                   Ice            #...         21%         1
 Magic Dart               Conj           #...         21%         1
 Pain                     Necr           #...         21%         1
 Sandblast                Erth           #.....       21%         1
 Shock                    Conj/Air       #...         21%         1
 Sting                    Tmut/Pois      #...         21%         1
 Summon Small Mammal      Summ           #...         21%         1
 Call Imp                 Summ           #.......     28%         2
 Corpse Rot               Necr/Air       N/A          28%         2
 Poisonous Vapours        Pois/Air       #.....       28%         2
 Searing Ray              Conj           #.....       28%         2
 Swiftness                Air            #.......     28%         2
 Wereblood                Tmut           #.......     28%         2
 Fulminant Prism          Conj/Hex       ###.......   34%         4
 Leda's Liquefaction      Hex/Erth       ###.......   34%         4
 Passage of Golubria      Tloc           N/A          45%         4
 Call Canine Familiar     Summ           #.......     50%         3
 Conjure Flame            Conj/Fire      #.......     50%         3
 Frozen Ramparts          Ice            #.....       50%         3
 Ignite Poison            Fire/Tmut/Pois #.......     50%         3
 Mephitic Cloud           Conj/Pois/Air  #.......     50%         3
 Ozocubu's Armour         Ice            #.......     50%         3
 Spider Form              Tmut/Pois      #.........   50%         3
 Static Discharge         Conj/Air       #.......     50%         3
 Stone Arrow              Conj/Erth      #.....       50%         3
 Vampiric Draining        Necr           #.........   50%         3
 Iskenderun's Mystic Bla  Conj/Tloc      ##......     67%         4
 Metabolic Englaciation   Hex/Ice        ###.......   69%         5
 Silence                  Hex/Air        ###.......   69%         5
 Yara's Violent Unravell  Hex/Tmut       ###.......   69%         5
 Airstrike                Air            #.........   86%         4
 Animate Dead             Necr           #.........   86%         4
 Dispel Undead            Necr           #.......     86%         4
 Hailstorm                Conj/Ice       #.......     86%         4
 Ice Form                 Ice/Tmut       #.......     86%         4
 Olgreb's Toxic Radiance  Pois           #.......     86%         4
 Petrify                  Tmut/Erth      #.......     86%         4
 Sticky Flame             Conj/Fire      #.......     86%         4
 Summon Ice Beast         Ice/Summ       #.......     86%         4
 Summon Lightning Spire   Summ/Air       #.......     86%         4
 Agony                    Necr           #.......     99%         5
 Alistair's Intoxication  Tmut/Pois      #........    99%         5
 Blade Hands              Tmut           #.........   99%         5
 Bolt of Magma            Conj/Fire/Erth #.........   99%         5
 Borgnjor's Vile Clutch   Necr/Erth      #.........   99%         5
 Excruciating Wounds      Necr           #.........   99%         5
 Fireball                 Conj/Fire      #.........   99%         5
 Irradiate                Conj/Tmut      #.........   99%         5
 Lee's Rapid Deconstruct  Erth           #.........   99%         5
 Lightning Bolt           Conj/Air       #.........   99%         5
 Conjure Ball Lightning   Conj/Air       #.........   100%        6
 Dispersal                Tloc           ###.......   100%        6
 Eringya's Noxious Bog    Tmut/Pois      #.........   100%        6
 Freezing Cloud           Conj/Ice/Air   #.........   100%        6
 Hydra Form               Tmut           #.........   100%        6
 Iron Shot                Conj/Erth      #.........   100%        6
 Ozocubu's Refrigeration  Ice            #.........   100%        6
 Shadow Creatures         Summ           N/A          100%        6
 Simulacrum               Ice/Necr       #.........   100%        6
 Starburst                Conj/Fire      #.........   100%        6
 Dragon Form              Tmut           #.........   100%        7
 Malign Gateway           Summ/Tloc      ##........   100%        7
 Monstrous Menagerie      Summ           #.........   100%        7
 Orb of Destruction       Conj           #.........   100%        7
 Spellforged Servitor     Conj/Summ      #.........   100%        7
 Summon Greater Demon     Summ           #.........   100%        7
 Discord                  Hex            #####.....   100%        8
 Disjunction              Tloc           ###.......   100%        8
 Ignition                 Fire           #.........   100%        8
 Summon Horrible Things   Summ           #.........   100%        8
 Dragon's Call            Summ           #.........   100%        9
 Shatter                  Erth           #.........   100%        9
 Tornado                  Air            #.........   100%        9
 Sublimation of Blood     Necr           Unusable     N/A         2
 Statue Form              Tmut/Erth      Unusable     N/A         6

Dungeon Overview and Level Annotations

Branches:
Dungeon (15/15)            Temple (1/1) D:4            Lair (6/6) D:11
  Swamp (4/4) Lair:4       Spider (4/4) Lair:2        Slime (0/5) Lair:6
    Orc (2/2) D:12            Elf (3/3) Orc:2        Vaults (5/5) D:13
  Crypt (3/3) Vaults:3       Tomb (3/3) Crypt:3      Depths (5/5) D:15
    Zot (0/5) Depths:5    Ossuary (visited)           IceCv (visited)
Volcano (visited)

Altars:
Ashenzari
Cheibriados
Dithmenos
Elyvilon
Fedhas
Gozag
Hepliaklqana
Kikubaaqudgha
Makhleb
Nemelex Xobeh
Okawaru
Qazlal
Ru
Sif Muna
Trog
Uskayaw
Vehumet
Wu Jian
Xom
Yredelemnul
Zin
The Shining One
Beogh
Lugonu

Shops:
D:7 ?   D:8 [   Orc:2 [*(}   Elf:1 !   Elf:2 *   Elf:3 ?[(*   Vaults:3 (
Vaults:4 =   Vaults:5 =[!*   Depths:2 }==   Depths:4 **=

Portals:
Hell: Depths:1 Depths:2 Depths:3 Depths:4 Depths:5
Abyss: Depths:2 Depths:4
Pandemonium: Depths:3
Ziggurat: Depths:1


Innate Abilities, Weirdness & Mutations

You are resistant to torment.
Your stone body is resilient. (AC +20)
You are immune to poison.
Your large and strong wings let you fly indefinitely.
You resist negative energy. (rN+)
You are resistant to electric shocks. (rElec)
You can survive without breathing.
You are immune to petrification.
You are immune to rotting.


Message History

Pain shoots through your body!
* * * LOW HITPOINT WARNING * * *
The flying skull gives a hideous shriek!
As you read the scroll of teleportation, it crumbles to dust.
You feel strangely unstable.
The flying skull gives a hideous shriek!
The ancient lich touches you but does no damage.
You cut the ancient lich into ribbons!!!
The ancient lich is heavily damaged.
You hit the guardian mummy.
The greater mummy mumbles some strange words.
The ancient lich completely misses you.
You hit the ancient lich but do no damage.
The ancient lich is heavily damaged.
You cut the guardian mummy into ribbons!!!
You destroy the guardian mummy!
Okawaru accepts your kill.
You feel extremely nervous for a moment...
Pain shoots through your body!
You die...

#:[)}[)
#..
##)}=:$$.
#..
##::)}:$$.
+..
#"}::[$$$.
#..
#[}$($|$..
#.W
#§$$$.....
#..
#$$$....^.
#.V
#§§?......
#.$.
##@Lz.....
#...M
#..W.s...
#M...V
###..b.s.
#......
##.M..
.M.....
#M## ...


.MM ... .. ... ^.. You could see a greater mummy, 2 emperor scorpions, an
ancient lich, a bennu, a mummy priest, a skeletal warrior, a shadow wraith
(summoned, invisible) and 2 mummies.

Vanquished Creatures
  Khufu (Crypt:3)
  Mara (Vaults:5)
  3 ancient liches (Vaults:5)
  5 juggernauts
  Margery (Vaults:4)
  2 greater mummies (Tomb:1)
  Saint Roka (Vaults:3)
  A caustic shrike (Depths:2)
  Bai Suzhen (Swamp:4)
  Xtahua (Depths:3)
  Frederick (Tomb:1)
  Nikola (Depths:3)
  the Enchantress (Depths:1)
  A profane servitor (Crypt:3)
  5 golden dragons
  2 bone dragons
  4 tentacled monstrosities
  Jorgrun (Orc:1)
  6 liches
  A deep elf master archer (Elf:3)
  5 deep elf blademasters
  Gastronok (Lair:2)
  3 titans (Vaults:5)
  4 quicksilver dragons
  10 tengu reavers
  A thorn hunter (Swamp:4)
  19 sphinxes
  3 tentacled starspawn (Abyss:3)
  7 shadow dragons
  8 ancient champions
  8 storm dragons
  Roxanne (D:15)
  Agnes (D:14)
  2 revenants
  16 fire giants
  12 frost giants
  3 ghost moths
  5 emperor scorpions
  A cacodemon (Abyss:3)
  Louise (D:14)
  6 deep elf sorcerers
  An iron dragon (Depths:3)
  4 ghouls
  19 vault wardens
  The ghost of Amit the Stormcaller, an adept TeAE of Ru (Elf:2)
  11 deep elf elementalists
  A draconian stormcaller (Depths:5)
  5 spriggan defenders
  12 ironheart preservers
  23 stone giants
  19 very ugly things
  7 vampire knights
  8 deep elf demonologists
  2 entropy weavers (Spider:3)
  A black draconian (Abyss:3)
  4 dire elephants (Lair:6)
  Nessos (D:12)
  The ghost of Muimnezo the Fighter, a journeyman GrFi of Okawaru (Depths:5)
  Azrael (Spider:2)
  19 bennus
  4 bunyips
  2 purple draconians (Depths:5)
  6 spark wasps
  3 green draconians (Depths:5)
  13 deep elf annihilators
  A red draconian (Depths:5)
  Snorg (D:14)
  3 yellow draconians (Depths:5)
  A merfolk javelineer (Depths:1)
  2 shambling mangroves (Swamp:4)
  20 jiangshi
  14 ettins
  5 fire dragons
  8 deep elf death magi
  3 eleionomae
  A merfolk impaler (Depths:1)
  2 eidola
  21 ogre magi
  16 mummy priests
  15 yaktaur captains
  11 deep elf high priests
  2 quicksilver dragon skeletons (Crypt:2)
  10 ice dragons
  A spectral tengu (Depths:5)
  A juggernaut simulacrum (Depths:5)
  31 vault guards
  A hell beast (Depths:1)
  10 great orbs of eyes
  13 rakshasas
  A monstrous demonspawn (Depths:3)
  An anaconda (shapeshifter) (Vaults:5)
  20 hydras
  8 death knights
  10 centaur warriors
  Erica (D:10)
  An anaconda (Lair:6)
  An alligator (shapeshifter) (Vaults:5)
  5 spriggan air magi
  10 boulder beetles
  45 two-headed ogres
  5 alligators
  15 death scarabs
  2 ghost crabs (Swamp:1)
  27 dancing weapons
  6 thrashing horrors (Abyss:3)
  11 deep troll shamans
  11 deep troll earth magi
  3 vampire magi
  6 tengu warriors
  9 spriggan berserkers
  4 orc high priests
  A titan zombie (Crypt:1)
  2 soul eaters
  A sun demon (Depths:1)
  3 goliath frogs
  9 hell knights
  10 deep elf knights
  2 spatial maelstroms (Abyss:3)
  Nergalle (D:11)
  61 skeletal warriors
  2 spectral elves (Depths:5)
  5 iron trolls
  4 wretched stars (Abyss:3)
  3 sixfirhies (Abyss:3)
  A deep troll (shapeshifter) (Depths:4)
  4 shadow wraiths
  2 glowing orange brains
  A death drake (Abyss:3)
  3 titan skeletons (Crypt:2)
  A fire crab (shapeshifter) (D:14)
  2 spriggan druids
  2 storm dragon skeletons (Crypt:2)
  An unseen horror (D:13)
  34 deep trolls
  6 flayed ghosts
  An orange crystal statue (Lair:1)
  A shadow demon (Tomb:3)
  2 spectral iron dragons (Depths:5)
  2 obsidian statues
  14 deep elf archers
  2 death drakes (shapeshifter)
  10 swamp dragons
  8 wizards
  14 ironbrand convokers
  8 bog bodies
  80 deep elf magi
  4 harpies (Vaults:2)
  5 phantasmal warriors
  3 shadow dragon skeletons
  A stone giant zombie (Crypt:2)
  30 orb spiders
  31 wolf spiders
  2 oklob plants
  2 frost giant zombies
  13 necromancers
  A sphinx skeleton (Crypt:2)
  8 orc knights
  A faun (shapeshifter) (Depths:3)
  10 orc sorcerers
  A fire giant zombie (Vaults:4)
  7 cyclopes
  5 will-o-the-wisps
  3 tengu skeletons
  A worldbinder (Abyss:3)
  A manticore (D:15)
  57 ugly things
  3 frost giant skeletons (Crypt:2)
  9 elephants
  4 moths of wrath
  A moth of wrath (shapeshifter) (Vaults:5)
  A black mamba (shapeshifter) (Depths:3)
  4 fire giant skeletons
  7 stone giant skeletons
  An apocalypse crab (Abyss:3)
  4 ice statues
  2 rust devils
  13 vault sentinels
  3 torpor snails
  5 black mambas
  10 cane toads
  6 smoke demons
  2 titan simulacra (Depths:5)
  A storm dragon simulacrum (Tomb:1)
  4 gargoyles
  A rime drake (shapeshifter) (Vaults:4)
  A hellion (Depths:3)
  65 yaktaurs
  3 orange demons (Abyss:3)
  A yaktaur zombie (Vaults:1)
  4 rime drakes
  A redback zombie (Crypt:2)
  14 demonic crawlers
  31 guardian mummies
  8 komodo dragons
  A spectral glowing shapeshifter (Depths:5)
  2 swamp worm zombies
  3 kobold demonologists
  An ice devil (Abyss:3)
  4 efreet
  8 ancient zymes (Abyss:3)
  10 tengu conjurers
  11 freezing wraiths
  2 hellwings
  29 jumping spiders
  6 human skeletons
  A troll (shapeshifter) (Vaults:3)
  A ghost moth simulacrum (Crypt:3)
  2 polar bears (shapeshifter)
  14 trolls
  A golden dragon simulacrum (Depths:5)
  A harpy zombie (Crypt:3)
  3 polar bears
  A hydra zombie (Swamp:1)
  2 wind drakes (shapeshifter)
  4 tyrant leeches
  A tengu simulacrum (Depths:5)
  A merfolk (shapeshifter) (Vaults:5)
  Grinder (D:6)
  A hornet (shapeshifter) (Vaults:4)
  A shadow dragon simulacrum (Crypt:3)
  7 raiju (Abyss:3)
  16 dream sheep
  2 harpy skeletons (Crypt:2)
  An iron dragon simulacrum (Crypt:3)
  A raiju (shapeshifter) (Depths:3)
  An ice dragon zombie (Tomb:1)
  17 slime creatures
  A blink frog (shapeshifter) (Vaults:1)
  17 blink frogs
  21 hornets
  A meliai zombie (D:13)
  2 ettin skeletons
  An ettin zombie (Vaults:4)
  A redback (shapeshifter) (D:15)
  80 flying skulls
  An ice dragon skeleton (Crypt:2)
  A black mamba zombie (Tomb:1)
  2 air elementals
  18 humans (D:13)
  83 redbacks
  12 spriggans
  5 shadows
  6 wyverns
  16 water elementals
  2 vampires (D:14)
  A ynoxinul (Depths:3)
  2 humans (shapeshifter)
  40 tarantellas
  9 wraiths
  10 ushabtiu
  7 basilisks
  29 yaks
  A chaos spawn (Depths:3)
  9 fire elementals
  Menkaure (D:7)
  3 fire bats (Abyss:3)
  6 vampire mosquitoes
  5 wargs
  2 spatial vortices (Abyss:3)
  An acid dragon (D:14)
  19 swamp worms
  A soldier ant (shapeshifter) (Vaults:4)
  A merfolk zombie (Crypt:1)
  A water moccasin (shapeshifter) (Depths:1)
  A floating eye (shapeshifter) (Depths:1)
  3 insubstantial wisps (Abyss:3)
  3 soldier ants
  A swamp worm (shapeshifter) (Depths:1)
  2 floating eyes
  4 hell hounds
  8 swamp drakes
  18 water moccasins
  A sky beast (shapeshifter) (Depths:4)
  11 large abominations
  6 elf zombies
  2 elf simulacra (Depths:5)
  16 ice beasts
  13 small abominations
  18 starcursed masses (Abyss:3)
  4 black bears
  33 orc warriors
  5 necrophages
  2 sky beasts
  A faun skeleton (Crypt:2)
  52 ogres
  17 boggarts
  An eye of draining (shapeshifter) (Depths:3)
  2 phantoms
  9 wolves
  26 centaurs
  2 eyes of draining
  A hog zombie (Crypt:2)
  A snapping turtle skeleton (Crypt:2)
  A swamp dragon skeleton (Crypt:2)
  A komodo dragon zombie (Swamp:1)
  4 big kobolds
  A wyvern zombie (D:14)
  20 bullfrogs
  A cyclops zombie (Crypt:1)
  A draconian zombie (Crypt:1)
  A yaktaur skeleton (Vaults:1)
  2 earth elementals
  A hornet simulacrum (D:15)
  6 scorpions
  A warg skeleton (Crypt:1)
  6 killer bees (D:9)
  6 electric eels
  16 wights
  5 howler monkeys
  5 crimson imps
  3 lava snakes (Lair:1)
  A bullfrog zombie (D:6)
  5 centaur zombies
  8 jellies
  3 quasits
  4 hounds
  An iron imp (Abyss:3)
  15 orc wizards
  5 centaur skeletons
  A human zombie (Crypt:1)
  20 orc priests
  2 bullfrog skeletons
  Jessica (D:2)
  Natasha (thrice) (D:4)
  Terence (D:2)
  A basilisk skeleton (Crypt:1)
  4 iguanas
  11 worker ants
  5 hell rats (Lair:6)
  7 big kobold zombies (Ossuary)
  2 big kobold skeletons
  2 naga skeletons (Crypt:2)
  A hound zombie (D:4)
  3 hound skeletons
  21 mummies
  2 worker ant zombies
  18 adders
  A shadow imp (Depths:3)
  13 white imps
  3 ufetubi
  An ooze (D:1)
  An adder zombie (D:6)
  3 adder skeletons
  2 worms
  A dart slug (D:3)
  4 leopard geckos
  77 orcs
  4 spectral bats (Ossuary)
  2 ball pythons
  10 giant cockroaches
  5 gnoll zombies (Ossuary)
  10 hobgoblins
  4 jackals (D:1)
  15 kobolds
  4 quokkas
  13 bats
  5 bat simulacra (Ossuary)
  4 frilled lizards
  A giant cockroach zombie (D:5)
  A goblin (D:3)
  5 goblin zombies (Ossuary)
  6 hobgoblin zombies
  A jackal skeleton (D:4)
  4 kobold simulacra (Ossuary)
  5 kobold zombies (Ossuary)
  2 leopard gecko skeletons
  3 orc zombies (Ossuary)
  A quokka zombie (D:6)
  6 rats
  3 rat simulacra (Ossuary)
  5 spectral goblins (Ossuary)
  4 spectral kobolds (Ossuary)
  2 bushes (Lair:1)
  8 crawling corpses
  A lurking horror (Abyss:3)
  3 starspawn tentacles (Abyss:3)
2727 creatures vanquished.

Vanquished Creatures (others)
  2 deep elf elementalists (Elf:3)
  An ettin (Vaults:5)
  A mummy priest (Tomb:2)
  A spectral elf (Depths:5)
  A swamp dragon (Swamp:2)
  2 necromancers
  A deep elf mage (Elf:2)
  A harpy (Vaults:2)
  2 bloated husks
  A slime creature (Depths:2)
  A tyrant leech (Swamp:1)
  2 flying skulls (Crypt:2)
  A redback (Spider:3)
  A chaos spawn (Depths:3)
  A swamp drake (Swamp:1)
  A boggart (Depths:2)
  A manticore simulacrum (Abyss:3)
  8 foxfires (Swamp:4)
  19 fungi
  32 plants
  3 starspawn tentacles (Abyss:3)
  A withered plant (D:4)
84 creatures vanquished.

Grand Total: 2811 creatures vanquished

Notes
Turn   | Place    | Note
-------+----------+-------------------------------------------
     0 | D:1      | Borgoz the Gargoyle Gladiator began the quest for the Orb.
     0 | D:1      | Reached XP level 1. HP: 12/12 MP: 1/1
    74 | D:1      | Reached XP level 2. HP: 9/18 MP: 2/2
   896 | D:1      | Reached skill level 1 in Armour
   897 | D:1      | Reached XP level 3. HP: 22/22 MP: 3/3
  1247 | D:2      | Noticed Jessica
  1260 | D:2      | Killed Jessica
  1552 | D:2      | Reached XP level 4. HP: 27/27 MP: 4/4
  1611 | D:2      | Noticed Terence
  1624 | D:2      | Killed Terence
  1624 | D:2      | Reached skill level 3 in Fighting
  1830 | D:2      | Reached XP level 5. HP: 32/32 MP: 5/5
  2116 | D:2      | Noticed a centaur
  2134 | D:2      | Killed a centaur
  2134 | D:2      | Reached XP level 6. HP: 27/37 MP: 6/6
  3212 | D:4      | Reached skill level 5 in Maces & Flails
  3409 | D:4      | Noticed Natasha
  3424 | D:4      | Killed Natasha
  3563 | D:4      | Reached skill level 4 in Fighting
  3563 | D:4      | Reached XP level 7. HP: 43/43 MP: 7/7
  3689 | D:4      | Got a steaming mace
  3690 | D:4      | Identified the +8 mace of Ashenzari's Reproof {freeze, MR+
                  | Int+6} (You found it on level 4 of the Dungeon)
  3800 | D:4      | Noticed Natasha
  3804 | D:4      | Killed Natasha
  3861 | D:4      | Found a staircase to the Ecumenical Temple.
  3871 | Temple   | Entered the Ecumenical Temple
  3911 | Temple   | Became a worshipper of Warmaster Okawaru
  4312 | D:4      | Noticed Natasha
  4315 | D:4      | Killed Natasha
  4445 | D:5      | Entered Level 5 of the Dungeon
  4665 | D:5      | Found a sparkling altar of Nemelex Xobeh.
  4682 | D:5      | Found an ancient bone altar of Kikubaaqudgha.
  4724 | D:5      | Found a basalt altar of Yredelemnul.
  4734 | D:5      | Reached XP level 8. HP: 36/48 MP: 8/8
  5370 | D:6      | Reached * piety under Okawaru
  5401 | D:6      | Reached skill level 5 in Fighting
  5898 | D:7      | Found Bibboys's Magic Scroll Emporium.
  6027 | D:7      | Noticed Menkaure
  6032 | D:7      | Killed Menkaure
  6032 | D:7      | Reached ** piety under Okawaru
  6032 | D:7      | Reached skill level 5 in Armour
  6032 | D:7      | Reached skill level 1 in Invocations
  6032 | D:7      | Reached XP level 9. HP: 37/55 MP: 9/9
  6045 | D:7      | Found a sand-covered staircase.
  6053 | Ossuary  | Entered an ossuary
  6492 | Ossuary  | Reached skill level 6 in Fighting
  6574 | D:7      | Reached skill level 5 in Dodging
  7248 | D:6      | Found a stormy altar of Qazlal.
  7456 | D:6      | Noticed Grinder
  7460 | D:6      | Paralysed by Grinder for 2 turns
  7473 | D:6      | Killed Grinder
  7856 | D:7      | Got a pitted war axe
  7857 | D:7      | Identified the +10 war axe of Incongruity {drain, rF+ rC+
                  | Str+5 Int-5} (You found it on level 7 of the Dungeon)
  7942 | D:8      | Got a steaming hand axe
  7943 | D:8      | Identified the +3 hand axe of Wuurph {venom, Str+4 Int+5}
                  | (You found it on level 8 of the Dungeon)
  8145 | D:8      | Found a glowing golden altar of the Shining One.
  8211 | D:8      | Reached *** piety under Okawaru
  8332 | D:8      | Found Xaomedde's Antique Armour Shoppe.
  8339 | D:8      | Bought a smelly scale mail for 234 gold pieces
  8349 | D:8      | Identified the +4 scale mail "Qoisub" {rPois} (You bought
                  | it in a shop on level 8 of the Dungeon)
  8360 | D:8      | Reached XP level 10. HP: 61/61 MP: 12/12
  8774 | D:9      | Reached skill level 7 in Fighting
  8990 | D:9      | Reached **** piety under Okawaru
  9732 | D:10     | Entered Level 10 of the Dungeon
  9784 | D:10     | Received a gift from Okawaru
  9937 | D:10     | Noticed Erica
  9946 | D:10     | Killed Erica
  9946 | D:10     | Reached skill level 5 in Invocations
 10003 | D:10     | Reached skill level 10 in Maces & Flails
 10176 | D:10     | Got a glimmering hunting sling
 10788 | D:11     | Noticed Nergalle
 10798 | D:11     | Killed Nergalle
 10798 | D:11     | Reached ***** piety under Okawaru
 10798 | D:11     | Reached skill level 8 in Fighting
 10798 | D:11     | Reached XP level 11. HP: 68/68 MP: 15/15
 11279 | D:11     | Noticed a boulder beetle
 11293 | D:11     | Killed a boulder beetle
 11293 | D:11     | Received a gift from Okawaru
 11666 | D:11     | Found a staircase to the Lair.
 11678 | D:11     | Noticed a brown ugly thing
 11689 | D:11     | Killed a brown ugly thing
 12101 | D:12     | Noticed a purple ugly thing
 12108 | D:12     | Killed a purple ugly thing
 12245 | D:12     | Noticed an eight-headed hydra
 12254 | D:12     | Killed a nine-headed hydra
 12780 | D:12     | Found a staircase to the Orcish Mines.
 12892 | D:12     | Found a large runed translucent door.
 12893 | D:12     | Found a large runed translucent door.
 12966 | D:12     | Noticed Nessos
 13000 | D:12     | Killed Nessos
 13000 | D:12     | Received a gift from Okawaru
 13000 | D:12     | Reached skill level 9 in Fighting
 13593 | D:13     | Reached XP level 12. HP: 61/76 MP: 17/17
 14144 | D:13     | You fall into a shaft and drop 1 floor!
 14159 | D:14     | Noticed Snorg
 14192 | D:14     | Killed Snorg
 14496 | D:14     | Noticed a two-headed ogre
 14505 | D:14     | Killed a two-headed ogre
 14577 | D:14     | Noticed a tengu warrior
 14578 | D:14     | Noticed a boulder beetle
 14579 | D:14     | Noticed Louise
 14580 | D:14     | Noticed a boulder beetle
 14586 | D:14     | Killed a tengu warrior
 14588 | D:14     | Killed a boulder beetle
 14588 | D:14     | Received a gift from Okawaru
 14616 | D:14     | Killed a boulder beetle
 14621 | D:14     | Killed Louise
 14621 | D:14     | Reached skill level 10 in Fighting
 15104 | D:9      | Got a fading mace
 15105 | D:9      | Identified the +5 mace of Atwad {freeze, rF- rN+ MR+} (You
                  | found it on level 9 of the Dungeon)
 15107 | D:9      | Identified the +9 hunting sling "Borgoz's Peril" {speed,
                  | Dex+3 Stlth+} (You found it on level 10 of the Dungeon)
 15200 | D:7      | Bought a scroll of identify for 30 gold pieces
 15200 | D:7      | Bought a scroll of fear for 52 gold pieces
 15200 | D:7      | Bought a scroll of teleportation for 45 gold pieces
 15200 | D:7      | Bought a scroll of identify for 30 gold pieces
 15446 | D:13     | Noticed a rakshasa
 15448 | D:13     | Noticed an eight-headed hydra
 15461 | D:13     | Killed an eight-headed hydra
 15479 | D:13     | Killed a rakshasa
 15579 | D:13     | Reached XP level 13. HP: 75/82 MP: 19/19
 15608 | D:13     | Received a gift from Okawaru
 15648 | D:13     | Noticed a vault guard
 15654 | D:13     | Noticed a vault guard
 15665 | D:13     | Killed a vault guard
 15665 | D:13     | Reached skill level 10 in Armour
 15665 | D:13     | Noticed a vault guard
 15671 | D:13     | Killed a vault guard
 15682 | D:13     | Killed a vault guard
 15795 | D:13     | Found a gate to the Vaults.
 16270 | D:14     | Noticed Agnes
 16286 | D:14     | Killed Agnes
 16286 | D:14     | Reached ****** piety under Okawaru
 16286 | D:14     | Received a gift from Okawaru
 16655 | D:14     | Reached skill level 11 in Fighting
 16797 | D:15     | Entered Level 15 of the Dungeon
 16815 | D:15     | Noticed Roxanne
 17230 | D:15     | Received a gift from Okawaru
 17251 | D:14     | Gained mutation: Your large and strong wings let you fly
                  | indefinitely. [Gargoyle growth]
 17251 | D:14     | Reached XP level 14. HP: 89/90 MP: 21/21
 17399 | D:15     | Got an encrusted great mace {god gift}
 17400 | D:15     | Identified the +4 great mace of Okawaru's Benevolence
                  | {protect, Str+4 Int+2 Dex-2} (Okawaru gifted it to you on
                  | level 15 of the Dungeon)
 17759 | D:15     | Killed Roxanne
 17888 | D:15     | Identified the +0 robe "Ykoe" {rElec Dex+4 SInv}
 17899 | D:15     | Reached skill level 10 in Invocations
 17914 | D:15     | Received a gift from Okawaru
 17914 | D:15     | Reached skill level 1 in Evocations
 18200 | D:15     | Found a staircase to the Depths.
 18571 | Lair:1   | Entered Level 1 of the Lair of Beasts
 20813 | Lair:2   | Found a hole to the Spider Nest.
 21203 | Lair:2   | Noticed Gastronok
 21216 | Lair:2   | Killed Gastronok
 21216 | Lair:2   | Reached skill level 10 in Dodging
 21962 | Lair:3   | Received a gift from Okawaru
 21965 | Lair:3   | Got a translucent great sword {god gift}
 21966 | Lair:3   | Identified the +4 great sword of Objectivity {venom, *Drain
                  | Int+4 Dex+6} (Okawaru gifted it to you on level 3 of the
                  | Lair of Beasts)
 22091 | Lair:3   | Reached skill level 12 in Fighting
 22091 | Lair:3   | Reached XP level 15. HP: 96/96 MP: 22/22
 22720 | Lair:4   | Found a frozen archway.
 22742 | IceCv    | Entered an ice cave
 23092 | IceCv    | Found the +2 hood of the Assassin {Detection Stab+ Stlth++}
 23115 | IceCv    | Got a blackened mace
 23122 | IceCv    | Identified the +9 mace of Conservatism {freeze, Str+6} (You
                  | found it in an ice cave)
 23326 | Lair:4   | Found a staircase to the Swamp.
 23330 | Lair:4   | Received a gift from Okawaru
 23340 | Lair:4   | Found a snail-covered altar of Cheibriados.
 24038 | Lair:5   | Reached skill level 1 in Stealth
 24044 | Lair:5   | Received a gift from Okawaru
 25053 | Lair:6   | Entered Level 6 of the Lair of Beasts
 25130 | Lair:6   | Reached skill level 1 in Axes
 25306 | Lair:6   | Received a gift from Okawaru
 25713 | Lair:6   | Found a staircase to the Slime Pits.
 25787 | Lair:6   | Reached skill level 5 in Evocations
 26157 | Lair:6   | Reached skill level 13 in Fighting
 26717 | Lair:6   | Reached XP level 16. HP: 93/104 MP: 23/23
 27081 | Orc:1    | Entered Level 1 of the Orcish Mines
 27127 | Orc:2    | Entered Level 2 of the Orcish Mines
 27136 | Orc:2    | Found a staircase to the Elven Halls.
 27150 | Orc:2    | Found a gateway to a bazaar.
 27162 | Bazaar   | Entered a bazaar
 27162 | Bazaar   | Found Yculurch's Assorted Antiques.
 27162 | Bazaar   | Found Weeri's Antique Armour Shoppe.
 27162 | Bazaar   | Found Somukkum's Weapon Emporium.
 27164 | Bazaar   | Found Baofroet's Distillery.
 27178 | Bazaar   | Bought a scorched ring mail for 279 gold pieces
 27178 | Bazaar   | Bought a scroll labelled LAK ACHYNOEDD for 31 gold pieces
 27184 | Bazaar   | Bought 2 potions of heal wounds for 80 gold pieces
 27184 | Bazaar   | Bought a potion of might for 32 gold pieces
 27184 | Bazaar   | Bought a potion of berserk rage for 40 gold pieces
 27184 | Bazaar   | Bought a potion of haste for 80 gold pieces
 27184 | Bazaar   | Bought a potion of mutation for 64 gold pieces
 27263 | Orc:1    | Found a dark tunnel.
 27271 | Volcano  | Entered a volcano
 27498 | Orc:1    | Identified the +2 ring mail of Proximity {Dex+4} (You
                  | bought it in a shop in a bazaar)
 27556 | Orc:1    | Found a bloodstained altar of Trog.
 27596 | Orc:1    | Noticed Jorgrun
 27612 | Orc:1    | Killed Jorgrun
 27760 | Orc:1    | Reached skill level 5 in Stealth
 27824 | Orc:2    | Found a roughly hewn altar of Beogh.
 27858 | Orc:2    | Found Wiuproav's General Store.
 27878 | Orc:2    | Received a gift from Okawaru
 27888 | Orc:2    | Reached skill level 14 in Fighting
 27912 | Orc:2    | Found Covidayr's Antique Armour Shoppe.
 27918 | Orc:2    | Found Vomurphirgh's Gadget Boutique.
 27920 | Orc:2    | Received a gift from Okawaru
 27924 | Orc:2    | Found Bidgheja's Weapon Shop.
 28404 | Orc:1    | You are sucked into a shaft and drop 1 floor!
 28824 | Swamp:1  | Entered Level 1 of the Swamp
 29855 | Swamp:2  | Reached skill level 5 in Axes
 30762 | Swamp:2  | Got a jewelled dagger
 30763 | Swamp:2  | Identified the +7 dagger "Huobluv" {speed, +Blink} (You
                  | found it on level 2 of the Swamp)
 30942 | Swamp:3  | Reached XP level 17. HP: 74/112 MP: 24/24
 31225 | Swamp:3  | Reached skill level 15 in Fighting
 31553 | Swamp:4  | Entered Level 4 of the Swamp
 31900 | Swamp:4  | Noticed Bai Suzhen
 31931 | Swamp:4  | Killed Bai Suzhen
 31931 | Swamp:4  | Received a gift from Okawaru
 31943 | Swamp:4  | Received a gift from Okawaru
 33591 | Swamp:4  | Got a decaying rune of Zot
 34115 | Spider:1 | Entered Level 1 of the Spider Nest
 34176 | Spider:1 | Reached skill level 16 in Fighting
 34284 | Spider:1 | Received a gift from Okawaru
 34540 | Spider:1 | Got a pair of ancient boots {god gift}
 34551 | Spider:1 | Identified the +0 pair of boots of the Abyss {Rampage MR-
                  | Str+4 SInv} (Okawaru gifted it to you on level 1 of the
                  | Spider Nest)
 35223 | Spider:2 | Reached XP level 18. HP: 122/122 MP: 25/25
 35969 | Spider:2 | Noticed Azrael
 35998 | Spider:2 | Killed Azrael
 36352 | Spider:2 | Reached skill level 17 in Fighting
 36838 | Spider:3 | Received a gift from Okawaru
 36845 | Spider:3 | Got a dazzling demon trident {god gift}
 36854 | Spider:3 | Identified the +11 demon trident of Plague {freeze, rC+ MR-
                  | Dex+5 Stlth+} (Okawaru gifted it to you on level 3 of the
                  | Spider Nest)
 37733 | Spider:3 | Identified the cursed +2 quarterstaff "Rycseiruhe" {flame,
                  | +Fly rC- rN+ Dex+5} (You found it on level 3 of the Spider
                  | Nest)
 38071 | Spider:4 | Entered Level 4 of the Spider Nest
 38106 | Spider:4 | Learned a level 2 spell: Blink
 38156 | Spider:4 | Reached skill level 15 in Armour
 38239 | Spider:4 | Received a gift from Okawaru
 38253 | Spider:4 | Got a glimmering kite shield {god gift}
 38254 | Spider:4 | Identified the +2 kite shield of Cuif {Int-3 Dex+7}
                  | (Okawaru gifted it to you on level 4 of the Spider Nest)
 38895 | Spider:4 | Reached XP level 19. HP: 111/128 MP: 14/26
 39010 | Spider:4 | Reached skill level 15 in Dodging
 39146 | Spider:4 | Got a gossamer rune of Zot
 39379 | Spider:4 | Got a shimmering hand axe
 39380 | Spider:4 | Identified the cursed +3 hand axe of Mucaimamoe {vorpal,
                  | Int+6 Stlth-} (You found it on level 4 of the Spider Nest)
 39661 | Vaults:1 | Entered Level 1 of the Vaults
 39828 | Vaults:1 | Reached skill level 1 in Spellcasting
 39832 | Vaults:1 | Reached skill level 1 in Translocations
 40108 | Vaults:1 | Received a gift from Okawaru
 40114 | Vaults:1 | Got a tiger eye-encrusted plate armour {god gift}
 40129 | Vaults:1 | Identified the +0 plate armour of Objectivity {rPois rF+
                  | Int+5} (Okawaru gifted it to you on level 1 of the Vaults)
 41372 | Vaults:2 | Reached skill level 10 in Axes
 41463 | Vaults:2 | Reached skill level 18 in Fighting
 41523 | Vaults:2 | Received a gift from Okawaru
 41665 | Vaults:2 | Reached XP level 20. HP: 136/136 MP: 27/27
 41912 | Vaults:2 | Identified the +6 long sword of Resumed Hostilities {speed,
                  | +Fly Stlth+}
 41945 | Vaults:2 | Received a gift from Okawaru
 42823 | Vaults:3 | Identified a scroll of acquirement
 42830 | Vaults:3 | Acquired a manual of Dodging
 43199 | Vaults:3 | Reached skill level 5 in Translocations
 43297 | Vaults:3 | Found Pucear's Antique Weapon Shoppe.
 43299 | Vaults:3 | Noticed Saint Roka
 43307 | Vaults:3 | Reached skill level 5 in Spellcasting
 43313 | Vaults:3 | Received a gift from Okawaru
 43604 | Vaults:3 | Killed Saint Roka
 43723 | Vaults:3 | Received a gift from Okawaru
 43737 | Vaults:3 | Got a pair of faintly humming boots {god gift}
 43751 | Vaults:3 | Found a staircase to the Crypt.
 43816 | Vaults:3 | Identified the +0 pair of boots of the Many Stories {Str+2}
                  | (Okawaru gifted it to you on level 3 of the Vaults)
 44073 | Vaults:4 | Noticed Margery
 44093 | Vaults:4 | Killed Margery
 44242 | Vaults:4 | Found Ulipumpe's Jewellery Shop.
 44269 | Vaults:4 | Reached XP level 21. HP: 72/142 MP: 28/28
 44301 | Vaults:4 | Bought the amulet of Vuaculeu {Spirit rElec MR+ Str+4} for
                  | 696 gold pieces
 44301 | Vaults:4 | Bought an uncursed ring of resist corrosion for 240 gold
                  | pieces
 45370 | Vaults:4 | Received a gift from Okawaru
 45373 | Vaults:4 | Got a fine battleaxe {god gift}
 45374 | Vaults:4 | Identified the +8 battleaxe of Untruth {vorpal, +Blink +Inv
                  | SInv} (Okawaru gifted it to you on level 4 of the Vaults)
 45495 | Vaults:4 | Found a transporter.
 45509 | Vaults:4 | Found a transporter.
 45793 | Vaults:4 | Reached skill level 19 in Fighting
 46313 | Orc:2    | Bought a scroll of summoning for 114 gold pieces
 46313 | Orc:2    | Bought a potion of curing for 36 gold pieces
 46362 | Elf:1    | Entered Level 1 of the Elven Halls
 46614 | Elf:1    | Found Ycififos's Distillery.
 46644 | Elf:1    | Found a portal to a secret trove of treasure.
 46667 | Elf:1    | Bought a potion of heal wounds for 80 gold pieces
 46667 | Elf:1    | Bought a potion of resistance for 160 gold pieces
 46702 | Elf:1    | You paid a toll of 16 scrolls of teleportation to enter a
                  | treasure trove
 46703 | Trove    | Entered a treasure trove
 46716 | Trove    | Identified Sif Muna's Catalogue of Arcane Weapons
 46734 | Trove    | Identified Hogeph's Reference Book on the Traveller
 46794 | Elf:1    | Acquired a +1 hat of magic resistance
 47131 | Elf:1    | Identified the Collected Works on Unholy Arts
 47510 | Elf:2    | Received a gift from Okawaru
 47750 | Elf:2    | Learned a level 3 spell: Confusing Touch
 47807 | Elf:2    | Found a runed translucent gate.
 47807 | Elf:2    | Found a runed translucent gate.
 47808 | Elf:2    | Found a runed translucent gate.
 47864 | Elf:2    | Reached XP level 22. HP: 136/150 MP: 26/29
 47924 | Elf:2    | Found a runed translucent gate.
 47925 | Elf:2    | Found a runed translucent gate.
 47925 | Elf:2    | Found an opulent altar of Gozag.
 47925 | Elf:2    | Noticed Amit's ghost (adept TeAE)
 47926 | Elf:2    | Found a runed translucent gate.
 47936 | Elf:2    | Found Mauqiewk's Assorted Antiques.
 47957 | Elf:2    | Killed Amit's ghost
 47989 | Elf:2    | Reached skill level 1 in Hexes
 47999 | Elf:2    | Bought a small sapphire ring for 155 gold pieces
 48612 | Elf:2    | Received a gift from Okawaru
 49009 | Elf:3    | Entered Level 3 of the Elven Halls
 49099 | Elf:3    | Found Nareoc's General Store.
 49099 | Elf:3    | Found Kyrgh's Antique Armour Boutique.
 49100 | Elf:3    | Found Oheweirghu's Armour Boutique.
 49102 | Elf:3    | Found Zasif's Antique Weapon Shop.
 49115 | Elf:3    | Bought a fine flail for 374 gold pieces
 49115 | Elf:3    | Bought an ancient battleaxe for 506 gold pieces
 49118 | Elf:3    | Bought a potion of heal wounds for 80 gold pieces
 49118 | Elf:3    | Bought a scroll of teleportation for 48 gold pieces
 49118 | Elf:3    | Identified the +9 flail "Worm's Wrath" {vorpal, Str+8 Int+2
                  | Stlth-} (You bought it in a shop on level 3 of the Elven
                  | Halls)
 49119 | Elf:3    | Identified the +8 battleaxe of Honour {drain, rF+ Int+8
                  | Dex+4} (You bought it in a shop on level 3 of the Elven
                  | Halls)
 49989 | Elf:3    | Reached skill level 20 in Fighting
 50151 | Elf:3    | Found Comit's Magic Scroll Shoppe.
 50183 | Elf:3    | Bought a scroll of teleportation for 60 gold pieces
 50183 | Elf:3    | Bought a scroll of blinking for 150 gold pieces
 50183 | Elf:3    | Bought a scroll of blinking for 150 gold pieces
 50431 | Elf:3    | Cast into level 3 of the Abyss (+5 long sword of
                  | distortion)
 50431 | Abyss:3  | Found a corrupted altar of Lugonu.
 50454 | Elf:3    | Escaped the Abyss
 50468 | Elf:3    | Identified the cursed +2 mace of an ossuary {vamp, MR-
                  | Int+5}
 50967 | Elf:3    | Received a gift from Okawaru
 51157 | Elf:3    | Identified the +0 crystal plate armour "Saolesk" {*Contam
                  | rElec rF+ Slay+3}
 51263 | Elf:3    | Identified the +2 chain mail "Zyqual" {Regen+ Stlth+}
 51273 | Elf:3    | Reached XP level 23. HP: 110/158 MP: 24/30
 51277 | Elf:3    | Reached skill level 15 in Axes
 51511 | Elf:3    | Identified the Tome of Lightness
 51530 | Elf:3    | Identified the ring "Gauppenite" {*Drain rPois rF+ rN+
                  | Slay+3}
 51542 | Elf:3    | Found the ring of the Mage {Wiz MR++ Int+3}
 51543 | Elf:3    | Got a translucent silver amulet
 51552 | Elf:3    | Identified the amulet "Izeenunymn" {Reflect rN+++ Str-2
                  | Dex-5 SH+5 Stlth+} (You found it on level 3 of the Elven
                  | Halls)
 52061 | Elf:3    | Got a bloodstained arbalest
 52065 | Elf:3    | Identified Vattyen's Almanac of Clay
 52090 | Elf:3    | Identified a +0 pair of boots of running (You found it on
                  | level 3 of the Elven Halls)
 52120 | Elf:3    | Identified the Almanac of Snow and Clay
 52178 | Elf:3    | Got a transparent short sword
 52179 | Elf:3    | Identified the +5 short sword of Kefup {antimagic, *Drain
                  | rElec rF+} (You found it on level 3 of the Elven Halls)
 52681 | Vaults:5 | Entered Level 5 of the Vaults
 52706 | Vaults:4 | Reached skill level 5 in Hexes
 53126 | Vaults:5 | Received a gift from Okawaru
 53129 | Vaults:5 | Got a sapphire war axe {god gift}
 53130 | Vaults:5 | Identified the +6 war axe "Raebraed" {vamp, rC+ MR+}
                  | (Okawaru gifted it to you on level 5 of the Vaults)
 53144 | Vaults:5 | Noticed an ancient lich
 53160 | Vaults:5 | Reached skill level 21 in Fighting
 53165 | Vaults:5 | Killed an ancient lich
 53826 | Vaults:5 | Acquired the amulet "Ydghit Faqu" {Spirit rElec Str+5
                  | Dex+4}
 53844 | Vaults:5 | Found Dyf Fawn's Jewellery Boutique.
 53880 | Vaults:5 | Noticed Mara
 53901 | Vaults:5 | Noticed Borgoz's illusion
 53905 | Vaults:5 | Killed Mara
 54194 | Vaults:5 | Found Hafre's Antique Armour Shoppe.
 54212 | Vaults:5 | Received a gift from Okawaru
 54221 | Vaults:5 | Reached XP level 24. HP: 76/166 MP: 11/30
 55035 | Vaults:5 | Found Gayxatao's Distillery.
 55039 | Vaults:5 | Bought a potion of might for 84 gold pieces
 55039 | Vaults:5 | Bought a potion of might for 84 gold pieces
 55161 | Vaults:5 | Found Mogedd's General Store.
 55162 | Vaults:5 | Noticed an ancient lich
 55177 | Vaults:5 | Killed an ancient lich
 55177 | Vaults:5 | Reached skill level 22 in Fighting
 55606 | Vaults:5 | Bought a scroll of summoning for 161 gold pieces
 55606 | Vaults:5 | Bought a potion of resistance for 170 gold pieces
 55606 | Vaults:5 | Bought a scroll of teleportation for 51 gold pieces
 55606 | Vaults:5 | Identified the cursed +3 arbalest of Beogh's Castigation
                  | {elec, Int+6} (You found it on level 3 of the Elven Halls)
 55610 | Vaults:5 | Got a silver rune of Zot
 55747 | Vaults:5 | Noticed an ancient lich
 55763 | Vaults:5 | Killed an ancient lich
 55894 | Vaults:5 | Received a gift from Okawaru
 56660 | Crypt:1  | Entered Level 1 of the Crypt
 56786 | Crypt:1  | You are sucked into a shaft and drop 1 floor!
 56792 | Crypt:2  | Found a basalt altar of Yredelemnul.
 56873 | Crypt:2  | Received a gift from Okawaru
 56960 | Crypt:2  | Got ichor-stained acid dragon scales {god gift}
 57295 | Lair:1   | Identified the +0 acid dragon scales "Tuofeis" {Harm *Slow
                  | +Blink rElec rCorr} (Okawaru gifted it to you on level 2 of
                  | the Crypt)
 58433 | Crypt:2  | Got a masterwork whip
 58434 | Crypt:2  | Identified the +11 whip of the Mouth {freeze, rPois rC- rN+
                  | Dex+8} (You found it on level 2 of the Crypt)
 58460 | Crypt:2  | Reached XP level 25. HP: 155/175 MP: 26/30
 58698 | Crypt:2  | Received a gift from Okawaru
 59327 | Crypt:3  | Entered Level 3 of the Crypt
 59471 | Crypt:3  | Found an ancient bone altar of Kikubaaqudgha.
 59499 | Crypt:3  | Received a gift from Okawaru
 59517 | Crypt:3  | Got a steaming hat {god gift}
 59563 | Crypt:3  | Identified the +4 hat of Time Monsters {rElec rF- Str+5
                  | SInv} (Okawaru gifted it to you on level 3 of the Crypt)
 60213 | Crypt:3  | Cast into level 3 of the Abyss (profane servitor)
 60654 | Crypt:3  | Escaped the Abyss
 60668 | Crypt:3  | Cast into level 3 of the Abyss (profane servitor)
 61205 | Crypt:3  | Escaped the Abyss
 61475 | Crypt:3  | Reached XP level 26. HP: 181/181 MP: 30/30
 61664 | Crypt:3  | Found a staircase to the Tomb.
 61664 | Crypt:3  | Noticed Khufu
 61667 | Crypt:3  | Received a gift from Okawaru
 61680 | Crypt:3  | Killed Khufu
 61868 | Crypt:3  | Reached skill level 10 in Hexes
 61887 | Crypt:3  | Reached skill level 23 in Fighting
 61955 | Crypt:3  | Acquired 1104 gold pieces
 62032 | Tomb:1   | Entered Level 1 of the Tomb of the Ancients
 62046 | Tomb:1   | Noticed Frederick
 62063 | Tomb:1   | Killed Frederick
 62258 | Tomb:1   | Noticed a greater mummy
 62260 | Tomb:1   | Noticed a greater mummy
 62274 | Tomb:1   | Killed a greater mummy
 62276 | Tomb:1   | Killed a greater mummy
 62642 | Tomb:1   | Received a gift from Okawaru
 62666 | Tomb:1   | Got a distressingly furry chain mail {god gift}
 63216 | Tomb:1   | Paralysed by a Zot trap for 5 turns
 63894 | Lair:1   | Identified the +4 chain mail of Dice, Bag, and Bottle
                  | {Int+2} (Okawaru gifted it to you on level 1 of the Tomb of
                  | the Ancients)
 64025 | Depths:1 | Entered Level 1 of the Depths
 64329 | Depths:1 | Noticed the Enchantress
 64354 | Depths:1 | Killed the Enchantress
 64604 | Depths:1 | Found a gateway to a ziggurat.
 64683 | Depths:1 | Found a gateway to Hell.
 65041 | Depths:1 | Reached XP level 27. HP: 161/188 MP: 27/30
 65053 | Depths:1 | Received a gift from Okawaru
 65526 | Depths:2 | Paralysed by a floating eye for 3 turns
 65586 | Depths:2 | Found a transporter.
 65618 | Depths:2 | Found Ketur's Jewellery Emporium.
 65620 | Depths:2 | Found Jevahaf's Gadget Shop.
 65621 | Depths:2 | Found Weuczi's Jewellery Emporium.
 65630 | Depths:2 | Bought the ring of Nocou {*Drain rF+ rC+ Str+9 Dex+2} for
                  | 734 gold pieces
 65630 | Depths:2 | Bought the ring of Fragile Peace {rF+ rN+ rCorr} for 496
                  | gold pieces
 65678 | Depths:2 | Found a corrupted altar of Lugonu.
 65786 | Depths:2 | Found a one-way gate to the infinite horrors of the Abyss.
 65839 | Depths:2 | Found a transporter.
 66148 | Depths:2 | Got a steaming bronze amulet
 66175 | Depths:2 | Got a faintly glowing bone ring
 66183 | Depths:2 | Got a serpentine brass ring
 66198 | Depths:2 | Identified the amulet of the Madman {Faith rPois MR+} (You
                  | found it on level 2 of the Depths)
 66373 | Lair:1   | Identified the ring of Todicko {rC- Str+6 Int+10 Dex+3}
                  | (You found it on level 2 of the Depths)
 66376 | Lair:1   | Identified the ring of Deybriji {SInv Stlth+} (You found it
                  | on level 2 of the Depths)
 66551 | Depths:3 | Noticed a juggernaut
 66562 | Depths:3 | Killed a juggernaut
 66579 | Depths:3 | Received a gift from Okawaru
 66594 | Depths:3 | Noticed a juggernaut
 66604 | Depths:3 | Killed a juggernaut
 66655 | Depths:3 | Received a gift from Okawaru
 66695 | Depths:3 | Identified Poal's Reference Book on Arcane Weapons
 66727 | Depths:3 | Identified the Disquisition on Excruciating Cold
 66741 | Depths:3 | Got a masterwork scale mail
 66785 | Depths:3 | Got a brightly glowing amber ring
 66799 | Depths:3 | Identified the ring of Dim Light {MP+9 EV+4} (You found it
                  | on level 3 of the Depths)
 66813 | Depths:3 | Identified the +1 scale mail "Warill" {Str+4 Slay+3} (You
                  | found it on level 3 of the Depths)
 67007 | Depths:3 | Noticed Nikola
 67017 | Depths:3 | Killed Nikola
 67103 | Depths:3 | Noticed Xtahua
 67113 | Depths:3 | Killed Xtahua
 67584 | Depths:3 | Found a one-way gate leading to the halls of Pandemonium.
 67919 | Depths:4 | Reached skill level 24 in Fighting
 68057 | Depths:4 | Noticed a juggernaut
 68075 | Depths:4 | Killed a juggernaut
 68075 | Depths:4 | Received a gift from Okawaru
 68632 | Depths:4 | Got a crude cloak
 68633 | Depths:4 | Identified the +2 cloak of Chimes {Dex+6} (You found it on
                  | level 4 of the Depths)
 68676 | Depths:4 | Got a coiled tin amulet
 68677 | Depths:4 | Identified the amulet of Axteh {Inacc +Blink rPois MR+
                  | Str+3} (You found it on level 4 of the Depths)
 69002 | Depths:4 | Noticed a juggernaut
 69016 | Depths:4 | Killed a juggernaut
 69199 | Depths:4 | Found Eteweq's Jewellery Shop.
 69202 | Depths:4 | Found Urunliro's Assorted Antiques.
 69210 | Depths:4 | Bought a scroll of teleportation for 90 gold pieces
 69223 | Depths:4 | Found Wemureeg's General Store.
 69235 | Depths:4 | Bought a scroll of blinking for 135 gold pieces
 69680 | Depths:5 | Entered Level 5 of the Depths
 69738 | Depths:5 | Found a runed translucent gate.
 69738 | Depths:5 | Found a runed translucent gate.
 69738 | Depths:5 | Found a runed translucent gate.
 69738 | Depths:5 | Noticed Muimnezo's ghost (journeyman GrFi)
 69888 | Depths:5 | Killed Muimnezo's ghost
 69906 | Depths:5 | Got a twisted buckler
 69915 | Depths:5 | Identified the +0 buckler of Asaschichu {rPois rC+ Dex+3}
                  | (You found it on level 5 of the Depths)
 69931 | Depths:5 | Acquired 743 gold pieces
 70101 | Depths:5 | Noticed a juggernaut
 70104 | Depths:5 | Received a gift from Okawaru
 70110 | Depths:5 | Killed a juggernaut
 70394 | Depths:5 | Found a gate to the Realm of Zot.
 71502 | Tomb:2   | Noticed a greater mummy
 71502 | Tomb:2   | Noticed a greater mummy
 71506 | Tomb:2   | Noticed a greater mummy
 71508 | Tomb:2   | Noticed a greater mummy
 72190 | Tomb:3   | Entered Level 3 of the Tomb of the Ancients
 72200 | Tomb:3   | Noticed a greater mummy
 72205 | Tomb:3   | Received a gift from Okawaru
 72206 | Tomb:3   | Noticed a greater mummy
 72229 | Tomb:3   | Paralysed by a Zot trap for 5 turns
 72229 | Tomb:3   | Noticed a greater mummy
 72230 | Tomb:3   | Noticed a greater mummy
 72276 | Tomb:3   | HP: 7/192 [bennu (11)]
 72283 | Tomb:3   | Noticed a greater mummy
 72291 | Tomb:3   | Noticed an ancient lich
 72296 | Tomb:3   | Noticed a greater mummy
 72297 | Tomb:3   | HP: 6/192 [something (16)]
 72300 | Tomb:3   | Killed by a guardian mummy's death curse

Illustrated notes

Levels and vault maps discovered:
D:1:      evilmike_arrival_hilbert_curve, layout_basic
D:2:      layout_basic, uniq_jessica, uniq_terence
D:3:      layout_rooms
D:4:      layout_loops_ring, minmay_temple_entry_proselytizer, serial_undead,
          serial_undead_b, serial_undead_d, serial_undead_a, serial_undead_e,
          minmay_pentangle, uniq_natasha
D:5:      layout_loops_cross, nemelex_xobeh_ov_fountains_minmay,
          nicolae_overflow_crystal_walls, basic_altar
D:6:      layout_basic, old_standard_altar, uniq_grinder
D:7:      layout_loops_ring, serial_shops, shop, nicolae_ossuary_entry_ruins,
          uniq_menkaure
D:8:      layout_loops_ring, kennysheep_mini, serial_shops, shop
D:9:      layout_stronghold
D:10:     layout_loops_cross, uniq_erica
D:11:     layout_layer_cave, dpeg_oklobed_lair, minivault_10, uniq_nergalle
D:12:     layout_roguey, orc_0_dummy, lightli_elemental_guards, uniq_nessos
D:13:     layout_irregular_city, grunt_vaults_entry_tiered,
          minmay_misc_feat_room, serial_bayou_pond_e
D:14:     layout_gridville, serial_park_square1 [serial_park_minivault_5x5_6],
          uniq_snorg, uniq_agnes, uniq_louise
D:15:     gammafunk_enter_depths_forms, layout_basic,
          chequers_serial_rivers_small_3, uniq_roxanne
Temple:   hc_temple_tempest_star
Lair:1:   wander_river, layout_layer_cave, st_stairs_7,
          minmay_lair_oklob_bushes, disabler_island, grunt_megastairs_5
Lair:2:   layout_small_grid, spider_nest_entry_webs, uniq_gastronok
Lair:3:   layout_layer_cave
Lair:4:   layout_regular_city, skrybe_swamp_entry_bodies, basic_altar,
          portal_ice_cave_entry_ice_beasts, gammafunk_lair_bear_cave,
          lemuel_fruit_fields, lemuel_fruit_tree
Lair:5:   dpeg_oklob_gauntlet, layout_big_grid, fungi_pond_lemuel
Lair:6:   due_jungle_book, layout_gridlike, minmay_slime_entry_pillars,
          infiniplex_staircase_pool, serial_bayou_shore_b
Swamp:1:  layout_basic_swamp, hangedman_swamp_pad, swamp_pool4,
          nicolae_swamp_necromancer_hut
Swamp:2:  layout_basic_swamp, evilmike_swamp_ruin_rubble_1
Swamp:3:  layout_basic_swamp, hangedman_swamp_lotus
Swamp:4:  swamp_basic_johnstein, layout_basic_swamp, uniq_bai_suzhen
Spider:1: layout_spider_delve, guppyfry_hornet_nest
Spider:2: layout_spider_delve, uniq_azrael
Spider:3: layout_spider_delve, nicolae_spider_cling_ruins
Spider:4: grunt_spider_rune_parallel
Orc:1:    layout_caves, enter_volcano_1, trog_butcher_becter, uniq_jorgrun
Orc:2:    st_orc_open, layout_diamond_mine, serial_shops, statue_bzr,
          basic_altar, mines_bat_river
Elf:1:    eino_elf_arrival_the_gate, layout_loops_ring, serial_shops, shop,
          nicolae_trove_entry_free_sample, minmay_elf_necromancy,
          grunt_megastairs_1
Elf:2:    layout_onion_city, ebering_ghost_gozag
Elf:3:    minmay_elf_hall_hex, layout_gridlike, serial_shops,
          nicolae_shop_behind_doors, hangedman_elf_disciples, minmay_shoptagon
Vaults:1: vaults_room_large_hall, ontoclasm_vaults_pinch,
          vaults_standard_mumra_x, dpeg_vaults_monster_box, vaults_dpeg_hooks,
          ontoclasm_vaults_shuriken, vaults_mumra_chevron,
          nicolae_vaults_shelves_hall, v_alt_pattern_3, layout_vaults_quadrants
Vaults:2: grunt_vaults_focal, v_misc_4, ontoclasm_vaults_idyll,
          hangedman_vaults_restitches, v_misc_2, nicolae_vaults_big_ls,
          v_misc_28, serial_ice_g, nicolae_vaults_ring_of_whatevers, v_rooms_4,
          ontoclasm_vaults_fault, nicolae_vaults_little_squares_3,
          vaults_dpeg_spiral, layout_vaults_omnibox
Vaults:3: nicolae_vaults_three_branches, v_alt_pattern_1,
          hangedman_vaults_locks, nicolae_vaults_circle_grid_a, v_misc_9,
          v_alt_pattern_5, minmay_crypt_entry_skeletal_spiral, v_misc_28,
          ontoclasm_vaults_ligature, hangedman_vaults_impose,
          vaults_room_grunt_arrival_ludios, vaults_dpeg_cross,
          layout_vaults_ring, serial_shops,
          nicolae_shop_temple_entry_statues_fountains, uniq_saint_roka
Vaults:4: v_misc_23, hangedman_vaults_stretched_pinwheel, ontoclasm_vaults_spin,
          nicolae_vaults_asterisk, vaults_standard_mumra_enter_the_diamond,
          ontoclasm_vaults_bender, vaults_standard_mumra_enter_the_diamond,
          gammafunk_sealed_arena, v_rooms_2, vaults_room_semicircle,
          nicolae_vaults_mini_display_case, v_rooms_4, layout_vaults_maze_bifur,
          serial_shops, shop, uniq_margery
Vaults:5: serial_shops, uniq_mara
Crypt:1:  layout_gridlike
Crypt:2:  minmay_skeleton_keep, layout_chaotic_city, basic_altar
Crypt:3:  grunt_crypt_end_deaths_head, uniq_khufu
Tomb:1:   uniq_frederick, uniq_sojobo
Tomb:2
Tomb:3
Depths:1: hourglass_vault, layout_cave_pools, enter_ziggurat_d,
          grunt_mini_vestibule, kennysheep_generic_room_14, uniq_enchantress
Depths:2: gammafunk_dig_for_victory, layout_basic, hell_entry,
          abyss_entry_flame_altar, kennysheep_big_empty_room,
          hangedman_abyss_or_decor_passed, minmay_shop_grove,
          infiniplex_staircase_squiggle
Depths:3: minmay_heptahexagon, layout_basic, grunt_pan_entry_zigzag,
          serial_sigils_hangedman_etch, hell_entry, kennysheep_just_a_vault,
          uniq_nikola, uniq_xtahua
Depths:4: minmay_the_grid_square_5x5_4x4 [minmay_the_grid_square_5x5_corner,
          minmay_the_grid_square_5x5_fat_x,
          minmay_the_grid_square_5x5_half_checkered,
          minmay_the_grid_square_5x5_three_small,
          minmay_the_grid_square_5x5_checkered_sparse,
          minmay_the_grid_square_5x5_prize_junk,
          minmay_the_grid_square_5x5_prize_deathbox,
          minmay_the_grid_square_5x5_tri_point, minmay_the_grid_square_5x5_meh,
          minmay_the_grid_square_5x5_prize_waves,
          minmay_the_grid_square_5x5_prize_gold, minmay_the_grid_square_5x5_n,
          minmay_the_grid_square_5x5_gyroscope,
          minmay_the_grid_square_5x5_inner_z, minmay_the_grid_square_5x5_lines,
          minmay_the_grid_square_5x5_two_walls_a], layout_honeycomb,
          pf_coc_iceberg, serial_shops, shop, nicolae_shop_stone,
          nicolae_shop_temple_entry_statues_fountains,
          marbit_kobold_abyss_entry, nrook_mini_backslash, st_stairs_7
Depths:5: grunt_twist_and_shout, layout_long_grid, hell_entry,
          gammafunk_ghost_necromancy, hangedman_abyss_or_decor_lesser_grid

Skill      XL: |  1  2  3  4  5  6  7  8  9 10 11 12 13 14 15 16 17 18 19 20 21 22 23 24 25 26 27 |
---------------+----------------------------------------------------------------------------------+-----
Armour         | 1 2 3 5 6 7 8 9 10 11 12 13 14 15 16 17 18 19 20 21 | 21.8
Fighting       | 3 4 5 6 8 9 10 11 12 13 14 16 17 18 19 20 21 22 23 24 | 24.5
Maces & Flails | 4 5 6 7 9 10 11 12 13 14 | 14.9
Dodging        | 3 4 5 6 7 8 10 11 12 13 14 15 16 17 18 19 20 21 | 21.5
Invocations    | 1 3 5 7 8 9 10 12 | 12.4
Evocations     | 3 5 8 |  8.4
Stealth        | 4 5 9 |  9.9
Axes           | 2 5 7 8 10 12 13 14 16 17 18 19 21 | 21.4
Spellcasting   | 3 5 |  5.0
Translocations | 3 5 |  5.0
Hexes          | 4 6 8 9 10 | 10.0
Throwing       | |  1.7

Action                   |  1- 3 |  4- 6 |  7- 9 | 10-12 | 13-15 | 16-18 | 19-21 | 22-24 | 25-27 || total
-------------------------+-------+-------+-------+-------+-------+-------+-------+-------+-------++-------
Melee: Flail             |    69 |   313 |    11 |       |       |       |       |       |       ||   393
       Mace              |       |       |   375 |    56 |   181 |       |       |       |       ||   612
       Punch             |       |       |     2 |     1 |     6 |    11 |     8 |       |       ||    28
       War axe           |       |       |    30 |   388 |   448 |  1234 |  1231 |       |       ||  3331
       Great mace        |       |       |       |       |   421 |   133 |       |       |       ||   554
       Battleaxe         |       |       |       |       |       |       |   238 |  1240 |  1977 ||  3455
Throw: Throwing net      |       |       |       |     5 |     1 |     2 |     2 |       |     3 ||    13
 Cast: Confusing Touch   |       |       |       |       |       |       |       |       |     1 ||     1
Invok: Heroism           |       |       |     5 |     4 |    12 |    13 |     9 |    11 |    13 ||    67
       Finesse           |       |       |       |       |       |       |     2 |     2 |     9 ||    13
 Abil: Fly               |       |       |       |       |     1 |       |       |       |       ||     1
Evoke: Wand              |       |       |       |     3 |     3 |     8 |     2 |       |    21 ||    37
  Use: Scroll            |       |       |    12 |     8 |    11 |    19 |    15 |    16 |    12 ||    93
       Potion            |       |       |       |     4 |     2 |     6 |       |     4 |    10 ||    26
 Stab: Held in net/web   |       |       |       |     1 |     2 |     2 |       |       |       ||     5
       Distracted        |       |       |       |       |     2 |     1 |       |     3 |     5 ||    11
       Sleeping          |       |       |       |       |     1 |       |     1 |       |       ||     2
       Confused          |       |       |       |       |       |     1 |       |       |       ||     1
       Paralysed         |       |       |       |       |       |       |     2 |       |       ||     2
       Petrifying        |       |       |       |       |       |       |       |     4 |       ||     4
       Petrified         |       |       |       |       |       |       |       |     2 |       ||     2
       Invisible         |       |       |       |       |       |       |       |       |     5 ||     5
Armor: Leather armour    |    31 |    10 |       |       |       |       |       |       |       ||    41
       Scale mail        |       |   161 |   197 |   294 |   166 |       |       |       |       ||   818
       Plate armour      |       |       |       |       |   547 |  1081 |   620 |   308 |       ||  2556
       Ring mail         |       |       |       |       |       |    22 |       |       |       ||    22
       Crystal plate arm |       |       |       |       |       |       |       |   524 |  1115 ||  1639
Dodge: Dodged            |    64 |   183 |   238 |   421 |   906 |  1937 |  1123 |  1150 |  2148 ||  8170

Table legend: (Time is in decaauts)
 A = Elapsed time spent in this place.
 B = Non-inter-level travel time spent in this place.
 C = Inter-level travel time spent in this place.
 D = Time resting spent in this place.
 E = Time spent auto-exploring this place.
 F = Levels seen in this place.
 G = Mean time per level.
                   A        B        C        D        E       F      G
               +--------+--------+--------+--------+--------+-----+--------+
         Total |  70105 |  62930 |   7175 |  11894 |  36052 |  60 | 1168.4 |
       Dungeon |  19831 |  16876 |   2955 |   2565 |  11461 |  15 | 1322.1 |
        Temple |    270 |    238 |     32 |      0 |    237 |   1 |  270.0 |
          Lair |   8492 |   7884 |    608 |   1182 |   5267 |   6 | 1415.3 |
         Swamp |   5142 |   4897 |    245 |   1517 |   2618 |   4 | 1285.5 |
   Spider Nest |   5290 |   5042 |    248 |   1148 |   2653 |   4 | 1322.5 |
  Orcish Mines |   1650 |   1219 |    431 |      0 |    760 |   2 |  825.0 |
   Elven Halls |   5199 |   4677 |    522 |    822 |   2216 |   3 | 1733.0 |
        Vaults |  10202 |   9040 |   1162 |   2033 |   4429 |   5 | 2040.4 |
         Crypt |   3907 |   3428 |    479 |    351 |   2052 |   3 | 1302.3 |
          Tomb |   2242 |   1995 |    247 |    965 |    477 |   3 |  747.3 |
        Depths |   5705 |   5463 |    242 |    590 |   3351 |   5 | 1141.0 |
         Abyss |    919 |    919 |      0 |    389 |    104 |   4 |  229.8 |
        Bazaar |     25 |     25 |      0 |      0 |      0 |   1 |   25.0 |
         Trove |     89 |     89 |      0 |      0 |     62 |   1 |   89.0 |
       Ossuary |    466 |    466 |      0 |     91 |    189 |   1 |  466.0 |
      Ice Cave |    454 |    454 |      0 |    238 |     20 |   1 |  454.0 |
       Volcano |    214 |    214 |      0 |      0 |    152 |   1 |  214.0 |
               +--------+--------+--------+--------+--------+-----+--------+

Top non-repeatable levels by time:
Vaults:5: 3043 daAuts
    D:11: 2529 daAuts
   Elf:3: 2450 daAuts
  Lair:1: 2425 daAuts
 Swamp:4: 2354 daAuts
Vaults:4: 2179 daAuts
    D:12: 2166 daAuts
Vaults:3: 2117 daAuts
    D:14: 1886 daAuts
 Crypt:3: 1836 daAuts
  Lair:6: 1815 daAuts
Depths:4: 1669 daAuts
    D:13: 1665 daAuts
Spider:2: 1571 daAuts
  Tomb:1: 1503 daAuts
